 Dungeon Crawl Stone Soup version 0.16.2-2-g470672f (webtiles) character file.

148 monobi the Poker (level 5, -3/39 HPs)
             Began as a Demonspawn Gladiator on Sept 2, 2015.
             Slain by monobi's ghost (7 damage)
             ... on level 3 of the Dungeon.
             The game lasted 00:06:56 (2249 turns).

monobi the Poker (Demonspawn Gladiator)             Turns: 2249, Time: 00:06:56

Health: -3/39      AC: 10    Str: 17    XL:     5   Next: 8%
Magic:  5/5        EV:  6    Int:  9    God:
Gold:   111        SH:  0    Dex: 15    Spells: 0 memorised, 4 levels left

rFire  . . .     SeeInvis .     a - +0 trident
rCold  . . .     Clarity  .     m - +0 plate armour
rNeg   . . .     SustAb   .     (no shield)
rPois  .         Gourm    .     (helmet restricted)
rElec  .         Spirit   .     (no cloak)
rCorr  .         Warding  .     (no gloves)
rMut   .         Stasis   .     (no boots)
MR     .....                    (no amulet)
Stlth  ..........               (no ring)
                                (no ring)

@: not resistant to hostile enchantments, extremely unstealthy
A: claws 2, horns 1, thin skeletal structure 1
a: no special abilities


You were on level 3 of the Dungeon.
You were near starving.

You visited 1 branch of the dungeon, and saw 3 of its levels.

You collected 111 gold pieces.

Inventory:

Hand weapons
 a - a +0 trident (weapon)
Missiles
 d - 3 throwing nets (quivered)
Armour
 b - a +0 leather armour
 c - a +0 helmet
 m - a +0 plate armour (worn)
Scrolls
 k - a scroll of identify {unknown}
 n - a scroll of teleportation {unknown}
 o - a scroll of enchant weapon {unknown}
 p - a scroll of recharging {unknown}
 q - a scroll of remove curse {unknown}
 s - a scroll of random uselessness {unknown}
 u - a scroll of amnesia {unknown}
Potions
 t - a potion of haste {unknown}
Comestibles
 f - 3 bread rations
 i - 2 meat rations
 j - 2 slices of pizza


   Skills:
 + Level 2.4 Fighting
 + Level 3.6 Polearms
 + Level 2.0 Throwing
 * Level 2.1 Armour
 + Level 3.5 Dodging
 + Level 0.2 Stealth


You had 4 spell levels left.
You didn't know any spells.

Dungeon Overview and Level Annotations

Branches:
Dungeon (3/15)

Altars:

Portals:
Sewer: D:3

Annotations:
D:3 monobi's ghost, average MiFi


Innate Abilities, Weirdness & Mutations

You have very sharp fingernails.
You have a somewhat thin skeletal structure (Dex +2, Stealth).
You have a pair of small horns on your head.


Message History

You headbutt monobi's ghost, but do no damage.
Monobi's ghost is heavily damaged.
Monobi's ghost hits you.
* * * LOW HITPOINT WARNING * * *
You are too injured to fight recklessly!
You are too injured to fight recklessly!
You are too injured to fight recklessly!
You are too injured to fight recklessly!
You are too injured to fight recklessly!
You are too injured to fight recklessly!
You are too injured to fight recklessly!
You are too injured to fight recklessly!
You closely miss monobi's ghost.
Monobi's ghost is heavily damaged.
Monobi's ghost hits you!
* * * LOW HITPOINT WARNING * * *
You completely miss monobi's ghost. You headbutt monobi's ghost.
Monobi's ghost is heavily damaged.
Monobi's ghost hits you!
You die...

..... . .........#
.........## .#
..........###.# . #
.........#...# ...
#.#####.#......... ....
................ .....
..........###.#####..$....
..............rW@)........
.$.....#......#####.######
.......#.###### ..
.≈≈≈.....# ... ≈≈≈≈≈....#
# ... ≈∩≈≈..#.#.##.# .
≈≈≈..#<.....+ ≈...#.#.##.#
...#.# #


You could see monobi's ghost and a rat.

Vanquished Creatures
  Robin (D:2)
  7 adders
  2 worms
  An ooze (D:2)
  3 giant cockroaches (D:2)
  11 hobgoblins
  3 jackals (D:1)
  A quokka (D:3)
  6 bats (D:1)
  4 giant newts
  14 goblins
  4 kobolds
  5 rats (D:2)
62 creatures vanquished.

Notes
Turn   | Place    | Note
--------------------------------------------------------------
     0 | D:1      | monobi, the Demonspawn Gladiator, began the quest for the Orb.
     0 | D:1      | Reached XP level 1. HP: 16/16 MP: 1/1
   176 | D:1      | Reached skill level 3 in Polearms
   185 | D:1      | Gained mutation: You have sharp fingernails. [demonic ancestry]
   185 | D:1      | Reached XP level 2. HP: 22/22 MP: 2/2
   814 | D:2      | Gained mutation: Scrolls take you a little longer to read. [potion of mutation]
   814 | D:2      | Gained mutation: You have a pair of small horns on your head. [potion of mutation]
   814 | D:2      | Lost mutation: Scrolls take you a little longer to read. [potion of mutation]
   818 | D:2      | Reached XP level 3. HP: 24/27 MP: 3/3
  1022 | D:2      | Reached skill level 1 in Armour
  1219 | D:2      | Gained mutation: You have very sharp fingernails. [demonic ancestry]
  1219 | D:2      | Reached XP level 4. HP: 19/33 MP: 4/4
  1513 | D:2      | Noticed Robin
  1545 | D:2      | Killed Robin
  2183 | D:3      | Noticed monobi's ghost (average MiFi)
  2184 | D:3      | Found a glowing drain.
  2208 | D:3      | Gained mutation: You have a somewhat thin skeletal structure (Dex +2, Stealth). [demonic ancestry]
  2208 | D:3      | Reached XP level 5. HP: 20/39 MP: 5/5
  2249 | D:3      | Slain by monobi's ghost

Action                   |  1- 3 |  4- 6 || total
-------------------------+-------+-------++-------
Melee: Trident           |   138 |   164 ||   302
  Use: Potion            |     2 |     5 ||     7
       Scroll            |       |     1 ||     1
  Eat: Chunk             |     1 |     2 ||     3
